 Dungeon Crawl Stone Soup version 0.22.1-2-g9c5b331 (webtiles) character file.

183 whitewolfNL the Cudgeler (level 5, -9/46 HPs)
             Began as a Minotaur Berserker on Nov 27, 2018.
             Was a Believer of Trog.
             Mangled by an orc
             ... wielding a +0 hand axe of electrocution
              (20 damage)
             ... on level 3 of the Dungeon.
             The game lasted 00:10:45 (3230 turns).

whitewolfNL the Cudgeler (Minotaur Berserker)       Turns: 3230, Time: 00:10:45

Health: -9/46      AC: 14    Str: 22    XL:     5   Next: 35%
Magic:  4/4        EV:  9    Int:  5    God:    Trog [**....]
Gold:   139        SH:  0    Dex:  9    Spells: 4/4 levels left

rFire    . . .     SeeInvis .   d - +0 flail
rCold    . . .     Gourm    .   (no shield)
rNeg     . . .     Faith    .   q - +0 chain mail (curse)
rPois    .         Spirit   .   (helmet restricted)
rElec    .         Reflect  .   r - +2 cloak
rCorr    .         Harm     .   (no gloves)
MR       .....                  (no boots)
Stlth    ..........             l - amulet of inaccuracy (curse)
HPRegen  0.15/turn              i - +2 ring of protection
MPRegen  0.09/turn              (no ring)

@: berserk cooldown, slowed, very slow
A: retaliatory headbutt, horns 2
a: Berserk, Trog's Hand, Renounce Religion


You were on level 3 of the Dungeon.
You worshipped Trog.
Trog was pleased with you.
You were not hungry.

You visited 1 branch of the dungeon, and saw 3 of its levels.

You collected 139 gold pieces.

Inventory:

Hand Weapons
 d - a +0 flail (weapon)
 p - a +0 antimagic trident
 s - a +0 hunting sling of velocity
Missiles
 a - 20 sling bullets
 h - 43 stones (quivered)
 k - 10 arrows
 m - 13 bolts
Armour
 q - a cursed +0 chain mail (worn)
 r - a +2 cloak (worn)
Jewellery
 i - a +2 ring of protection (left hand)
 l - a cursed amulet of inaccuracy (around neck)
Scrolls
 g - a scroll of teleportation
 n - a scroll of enchant weapon
 o - a scroll of magic mapping {unknown}
 t - a scroll of identify
Potions
 b - a potion of haste {unknown}
 e - a potion of magic {unknown}
 f - a potion of heal wounds {unknown}
Comestibles
 c - 9 rations
 j - 5 chunks of flesh


   Skills:
 + Level 4.2 Fighting
 * Level 5.4 Maces & Flails
 * Level 3.3 Armour
 * Level 3.4 Dodging
 * Level 1.3 Stealth


You had 4 spell levels left.
You didn't know any spells.
Your spell library was empty.

Dungeon Overview and Level Annotations

Branches:
Dungeon (3/15)

Altars:
Sif Muna


Innate Abilities, Weirdness & Mutations

You reflexively headbutt those who attack you in melee.
You have a pair of horns on your head.


Message History

You feel a strong urge to attack something.
You see here a hand axe.
You miss the bat. The bat hits you but does no damage.
The bat hits you but does no damage.
The orc shouts!
You bludgeon the bat!!
You kill the bat!
Trog accepts your kill.
You are no longer berserk.
You are exhausted.
You feel yourself slow down.
The hobgoblin zaps a wand.
You barely resist.
The hobgoblin zaps a wand.
You barely resist. The orc hits you but does no damage.
You miss the orc. The orc hits you but does no damage.
The hobgoblin zaps a wand.
You are blasted!
The orc hits you with a hand axe of electrocution.
* * * LOW HITPOINT WARNING * * *
You are electrocuted!
You die...

...##..#............
..[###.#.##.######.# #######
...# #.........# #.....#
...# #....#.#.## #.###.####
...# #..<...#.# #######.#
#.#... ...# #.#g.#.#.#
#.......# #.#.## ...#
#.#..#...####'#########.#.#.
####
#.#..#<##†............#.#...
.#
#.#..#.)...@o.........#.###.
.#
#.##..g##.............#.....
.#
#......##.............#####.
.# ####...##.............#
#. .# #...##.............#
#. ## #.............######
#. # #.#...........# #. #
#.#>..........### #. #
#######)#########.....# #.


You could see an orc and a hobgoblin.

Vanquished Creatures
  Jessica (D:2)
  An orc wizard (D:2)
  5 adders
  2 oozes (D:1)
  A worm (D:2)
  A leopard gecko (D:1)
  4 orcs
  A ball python (D:2)
  8 bats
  4 giant cockroaches
  6 goblins
  13 hobgoblins
  8 jackals
  8 kobolds
  3 rats
66 creatures vanquished.

Notes
Turn   | Place    | Note
-------+----------+-------------------------------------------
     0 | D:1      | whitewolfNL the Minotaur Berserker began the quest for the
                  | Orb.
     0 | D:1      | Reached XP level 1. HP: 19/19 MP: 0/0
    74 | D:1      | Reached skill level 4 in Maces & Flails
    74 | D:1      | Reached XP level 2. HP: 27/27 MP: 1/1
   370 | D:1      | Reached XP level 3. HP: 33/33 MP: 2/2
   966 | D:2      | Reached ** piety under Trog
  1062 | D:2      | Noticed Jessica
  1068 | D:2      | Killed Jessica
  1068 | D:2      | Reached skill level 1 in Stealth
  1068 | D:2      | Reached XP level 4. HP: 40/40 MP: 3/3
  1090 | D:2      | Reached skill level 5 in Maces & Flails
  2616 | D:3      | Reached XP level 5. HP: 46/46 MP: 4/4
  3130 | D:3      | Found a deep blue altar of Sif Muna.
  3230 | D:3      | Mangled by an orc

Skill      XL: |  1  2  3  4 |
---------------+-------------+-----
Maces & Flails | 4 5 |  5.4
Fighting       | 4 |  4.2
Stealth        | 1 |  1.3
Armour         | 3 |  3.3
Dodging        | 3 |  3.4

Action                   |  1- 3 |  4- 6 || total
-------------------------+-------+-------++-------
Melee: Mace              |    42 |       ||    42
       Headbutt          |    11 |    10 ||    21
       Whip              |    29 |    35 ||    64
       Flail             |       |    69 ||    69
Invok: Berserk           |     4 |     4 ||     8
  Use: Scroll            |       |     2 ||     2
  Eat: Chunk             |     4 |     9 ||    13
       Ration            |       |     1 ||     1
Armor: Animal skin       |    18 |     8 ||    26
       Chain mail        |       |    52 ||    52
Dodge: Dodged            |    51 |    71 ||   122
